r e k t, neutral male scurrid Tourist H Q HH... Q H.@` -.- r e k t the Rambler Experience level: 1 Strength: 14 Dexterity: 8 Constitution: 14 Intelligence: 12 Wisdom: 10 Charisma: 17 Health: 0(9) Energy: 2(2) Def: 0 Gold: 322 Moves: 59 Dungeon seed: vq3xVo02iV2OLRWn Game ID: r e k t_1498624693 Your Inventory: Coins $ - 322 gold pieces Weapons a - 48 uncursed +2 darts (in quiver) Armor e - an uncursed +0 Hawaiian shirt (being worn) Comestibles b - 5 uncursed food rations c - an uncursed candy bar d - an uncursed chestnut f - an uncursed tripe ration g - an uncursed tin of goblin meat h - an uncursed egg Scrolls j - 4 uncursed scrolls of magic mapping Potions i - 2 uncursed potions of extra healing Wands m - an uncursed wand of secret door detection (0:12) Tools k - an uncursed expensive camera (0:92) l - an uncursed credit card n - an uncursed towel Spells and supernatural/magical abilities: Name Level Category Fail Memory W - pray for help -- divine ? -- Your skills at the end: Miscellaneous Skills wands [Basic] Weapon Skills dart [Basic] Spellcasting Skills Final Attributes: You were devoutly aligned. You had infravision. You were very stealthy. You are dead. Voluntary challenges: You went without food. You did not adorn yourself with jewelry or accessories. You did not cause conflict. You were not invisible. You did not have reflection. You were not displaced. You were an atheist. You never hit with a wielded weapon. You were a pacifist. You did not use tools. You did not use plumbed fixtures. You did not drink any magical draughts. You were illiterate. You never genocided any monsters. You never polymorphed an object. You never changed form. You used no wishes. You never split a pudding. You never wrote Elbereth's name. You never violated your personal moral code. Dungeon overview: The Dungeons of Doom: levels 1 to 25 Level 1 a long staircase Level 2 Level 3 a fountain Level 4 Level 5 Level 6 Level 7 Level 8 Level 9 a general store Level 10 Level 11 Level 12 a sink Level 13 a sink Level 14 Level 15 Level 16 Level 17 Level 18 a fountain Level 19 Level 20 Level 21 Level 22 Level 23 Level 24 Level 25 <- You were here History has recorded: On T:1 you entered the Dungeons of Doom to retrieve the Amulet of Yendor! On T:4 you reached level 2 of The Dungeons of Doom. On T:6 you reached level 3 of The Dungeons of Doom. On T:8 you reached level 4 of The Dungeons of Doom. On T:10 you reached level 5 of The Dungeons of Doom. On T:13 you reached level 6 of The Dungeons of Doom. On T:15 you reached level 7 of The Dungeons of Doom. On T:17 you reached level 8 of The Dungeons of Doom. On T:19 you reached level 9 of The Dungeons of Doom. On T:22 you reached level 10 of The Dungeons of Doom. On T:25 you reached level 11 of The Dungeons of Doom. On T:28 you reached level 12 of The Dungeons of Doom. On T:30 you reached level 13 of The Dungeons of Doom. On T:32 you reached level 14 of The Dungeons of Doom. On T:34 you reached level 15 of The Dungeons of Doom. On T:37 you reached level 16 of The Dungeons of Doom. On T:39 you reached level 17 of The Dungeons of Doom. On T:39 you entered the Rogue tribute level. On T:41 you reached level 18 of The Dungeons of Doom. On T:43 you reached level 19 of The Dungeons of Doom. On T:47 you reached level 20 of The Dungeons of Doom. On T:49 you reached level 21 of The Dungeons of Doom. On T:52 you reached level 22 of The Dungeons of Doom. On T:54 you reached level 23 of The Dungeons of Doom. On T:56 you reached level 24 of The Dungeons of Doom. On T:58 you reached level 25 of The Dungeons of Doom. Score breakdown: Gold: 0 ( 0 points) Experience: 1 level ( 0 points) Exploration: 25 levels ( 720 points) Discoveries: 1 item ( 50 points) Variety of kills: 0 monsters ( 0 points) Major goal: (nothing yet) ( 0 points) Survival: died (score multiplied by 3) Total score: 2310 Latest messages: The rust monster touches you! Your Hawaiian shirt is not affected. The rust monster touches you! Your Hawaiian shirt is not affected. You continue digging downward. You dig a hole through the floor. You fall through... You start digging downward. You continue digging downward. You dig a pit in the floor. You continue digging downward. You dig a hole through the floor. You fall through... You start digging downward. You continue digging downward. You dig a pit in the floor. You continue digging downward. You dig a hole through the floor. You fall through... You start digging downward. The frost giant zaps a wand of magic missile! The magic missile hits you! You die... Final status: Aloha r e k t the Tourist, killed by a magic missile... You died in The Dungeons of Doom on dungeon level 25 with 2310 points, and 322 pieces of gold, after 59 moves. You were level 1 with a maximum of 9 hit points when you died.